 Dungeon Crawl Stone Soup version 0.28-a0-706-gf6f64a616a (webtiles) character file.

Game seed: 2290297394367618339

55 bellsore the Insei (level 3, -2/28 HPs)
             Began as a Merfolk Transmuter on Oct 24, 2021.
             Slain by a gnoll (4 damage)
             ... on level 1 of the Dungeon.
             The game lasted 00:04:25 (2503 turns).

bellsore the Insei (Merfolk Transmuter)             Turns: 2503, Time: 00:04:26

Health: -2/28      AC:  2    Str: 10    XL:     3   Next: 93%
Magic:  6/6        EV: 12    Int: 13    God:
Gold:   78         SH:  0    Dex: 14    Spells: 2/6 levels left

rFire   . . .      SeeInvis .   i - +0 flail
rCold   . . .      Faith    .   (no shield)
rNeg    . . .      Spirit   .   a - +0 robe
rPois   +          Reflect  .   (no helmet)
rElec   .          Harm     .   (no cloak)
rCorr   .          Rampage  .   (no gloves)
Will    .....                   (no boots)
Stlth   +.........              (no amulet)
HPRegen 0.09/turn               b - ring of poison resistance
MPRegen 0.10/turn               (no ring)

@: brilliant
A: (nimble swimmer 2), mertail
a: no special abilities


You were on level 1 of the Dungeon.
You visited 1 branch of the dungeon, and saw 2 of its levels.

You collected 78 gold pieces.

Inventory:

Hand Weapons
 c - a +0 dagger
 i - a +0 flail (weapon)
Armour
 a - a +0 robe (worn)
Jewellery
 b - a ring of poison resistance (left hand)
Scrolls
 e - a scroll of enchant armour {unknown}
 g - 3 scrolls of enchant weapon {unknown}
 h - a scroll of fear {unknown}
Potions
 d - a potion of brilliance
 f - a potion of curing {unknown}


   Skills:
 - Level 2.4 Fighting
 - Level 2.6 Dodging
 - Level 4.0 Unarmed Combat
 - Level 2.0 Spellcasting
 + Level 3.2 Transmutations
 + Level 1.2 Poison Magic


You had 2 spell levels left.
You knew the following spells:

 Your Spells              Type           Power      Damage    Failure   Level
a - Beastly Appendage     Tmut           28%        N/A       7%          1
b - Spider Form           Tmut/Pois      5%         N/A       30%         3

Your spell library contained the following spells:

 Spells                   Type           Power      Damage    Failure   Level
 Wereblood                Tmut           14%        N/A       10%         2
 Ice Form                 Ice/Tmut       8%         N/A       78%         4


Dungeon Overview and Level Annotations

Branches:
Dungeon (2/15)

Altars:


Innate Abilities, Weirdness & Mutations

((You are quick and stealthy near water. (Stealth+, EV+, Speed+++)))
Your lower body shifts to a powerful aquatic tail in water.


Message History

There is a stone staircase leading up here.
A gnoll comes into view. It is wielding a +0 flail.
Casting: Beastly Appendage (safe; 8% risk of failure)
Confirm with . or Enter, or press ? or * to list all spells.
You grow a pair of large bovine horns.
The gnoll shouts!
A gnoll comes into view. It is wielding a +0 spear.
A gnoll comes into view. It is wielding a +0 club.
The gnoll hits you with a +0 flail!
You hit the gnoll. You headbutt the gnoll.
The gnoll is heavily wounded.
The gnoll hits you with a +0 flail.
You barely miss the gnoll.
The gnoll is heavily wounded.
The gnoll barely misses you. x2
You hit the gnoll.
You kill the gnoll!
The gnoll hits you with a +0 club.
Your Poison Magic skill increases to level 1!
You closely miss the gnoll.
The gnoll shouts!
The gnoll hits you with a +0 club.
* * * LOW HITPOINT WARNING * * *
A gnoll comes into view. It is wielding a +0 club.
Unknown command.
You closely miss the gnoll. Your headbutt misses the gnoll.
Your transformation is almost over.
The gnoll closely misses you. The gnoll barely misses you.
Your horns disappear.
There is a stone staircase leading up here.
The gnoll hits you with a +0 club!
* * * LOW HITPOINT WARNING * * *
You climb upwards.
There is a stone staircase leading down here.
Unknown command.
It was a potion of brilliance.
You feel clever all of a sudden. The gnoll hits you with a +0 club.
You die...

#........(#..#...#..#####........
.#.......##.........# #.##..##.
.##.....####.......## #.#..###.
.###...## #####.### #.(รท.###. .#
##'## #.# #........ .# #.# #.#
###.##### .# #.### #.# #.# ### .#
##.#.########g# #.# #..
.###...#........@# #.###.#
###......######### #......
###......########### #####.#
....######.....##### #.#
###.##...#.....#...# #).
#.##.8.#.....#.8.## ###
#..#...#.....#...##
########.....######
#................#


You could see a gnoll.

Vanquished Creatures
  2 gnolls
  An adder (D:2)
  A dart slug (D:1)
  4 bats
  3 endoplasms
  2 giant cockroaches (D:1)
  A hobgoblin (D:1)
  A quokka (D:2)
  A ball python (D:1)
  A frilled lizard (D:1)
  2 goblins (D:1)
  3 kobolds
  3 rats (D:1)
25 creatures vanquished.

Notes
Turn   | Place    | Note
-------+----------+-------------------------------------------
     0 | D:1      | bellsore the Merfolk Transmuter began the quest for the
                  | Orb.
     0 | D:1      | Reached XP level 1. HP: 15/15 MP: 3/3
   284 | D:1      | Reached XP level 2. HP: 16/22 MP: 3/5
  1234 | D:1      | Reached skill level 4 in Unarmed Combat
  1234 | D:1      | Reached XP level 3. HP: 7/28 MP: 6/6
  1468 | D:1      | Learned a level 3 spell: Spider Form
  2482 | D:2      | Reached skill level 1 in Poison Magic
  2501 | D:2      | HP: 1/28 [gnoll (7)]
  2503 | D:1      | Slain by a gnoll

Illustrated notes

Levels and vault maps discovered:
D:1:      minmay_arrival_glassed_features, layout_loops_corners
D:2:      layout_loops_ring

Skill      XL: |  1  2  3 |
---------------+----------+-----
Fighting       | 2 |  2.4
Unarmed Combat | 4 |  4.0
Transmutations | 3 |  3.2
Poison Magic   | 1 |  1.2
Dodging        | |  2.6
Spellcasting   | |  2.0

Action                   || total
-------------------------++-------
Melee: Unarmed           ||    12
       Dagger            ||    91
       Headbutt          ||    14
       Punch             ||     1
       Flail             ||     9
 Cast: Beastly Appendage ||    20
  Use: Potion            ||     1
 Stab: Sleeping          ||     2
Armor: Robe              ||    26
Dodge: Dodged            ||    68

Table legend: (Time is in decaauts)
 A = Elapsed time spent in this place.
 B = Non-inter-level travel time spent in this place.
 C = Inter-level travel time spent in this place.
 D = Time resting spent in this place.
 E = Time spent auto-exploring this place.
 F = Levels seen in this place.
 G = Mean time per level.
                   A        B        C        D        E       F      G
               +--------+--------+--------+--------+--------+-----+--------+
         Total |   2505 |   2315 |    190 |    701 |   1342 |   2 | 1252.5 |
       Dungeon |   2505 |   2315 |    190 |    701 |   1342 |   2 | 1252.5 |
               +--------+--------+--------+--------+--------+-----+--------+

Top non-repeatable levels by time:
     D:1: 1679 daAuts
     D:2: 825 daAuts
